 Dungeon Crawl Stone Soup version 0.31-a0-740-g87205ac768 (webtiles) character file.

Game seed: 11938930352245340078

337 Newt the Trooper (level 6, 0/48 HPs)
             Began as a Demonspawn Gladiator on Sept 12, 2023.
             Splashed by a jelly's acid (11 damage)
             ... on level 4 of the Dungeon.
             The game lasted 00:02:40 (2905 turns).

Newt the Trooper (Demonspawn Gladiator)             Turns: 2905, Time: 00:02:40

Health: 0/48       AC: -2    Str: 16    XL:     6   Next: 28%
Magic:  6/6        EV: 13    Int: 15    God:
Gold:   154        SH:  0    Dex: 15    Spells: 5/5 levels left

rFire   . . .        a - +0 rapier
rCold   . . .        (no shield)
rNeg    . . .        b - +0 leather armour
rPois   .            c - +1 helmet
rElec   .            t - +0 cloak
rCorr   .            (no gloves)
SInv    .            q - +0 pair of boots
Will    .....        (no amulet)
Stlth   +            m - +6 ring of intelligence
HPRegen 0.28/turn    (no ring)
MPRegen 0.10/turn

%: no passive effects
@: mighty, corroded
A: slimy green scales 1, ignite blood 1, demonic touch 1
a: no special abilities


You were on level 4 of the Dungeon.
You visited 1 branch of the dungeon, and saw 4 of its levels.

You collected 154 gold pieces.

Inventory:

Hand Weapons
 a - a +0 rapier (weapon)
 o - a +0 whip
Missiles
 k - 4 poisoned darts
 r - 2 boomerangs
Armour
 b - a +0 leather armour (worn)
 c - a +1 helmet (worn)
 q - a +0 pair of boots (worn)
 t - a +0 cloak (worn)
Jewellery
 m - a +6 ring of intelligence (left hand)
 s - a ring of fire
Scrolls
 j - 2 scrolls of enchant armour
 p - a scroll of teleportation
Potions
 f - 2 potions of might
 g - a potion of curing
 h - 2 potions of heal wounds
 i - a potion of degeneration
 l - a potion of enlightenment {unknown}
 n - 2 potions of attraction {unknown}
 u - a potion of brilliance {unknown}


   Skills:
 - Level 4.0 Fighting
 - Level 4.0 Short Blades
 - Level 1.7 Throwing
 - Level 3.0 Armour
 + Level 3.5 Dodging


You had 5 spell levels left.
You didn't know any spells.
Your spell library contained the following spells:

 Spells                   Type           Power      Damage    Failure   Level
 Ensorcelled Hibernation  Hex/Ice        0%         N/A       43%         2
 Jinxbite                 Hex            0%         N/A       43%         2
 Anguish                  Hex/Necr       0%         N/A       97%         4
 Animate Armour           Summ/Erth      0%         N/A       97%         4
 Silence                  Hex/Air        0%         N/A       100%        5
 Conjure Ball Lightning   Conj/Air       0%         3x3d6     100%        6


Dungeon Overview and Level Annotations

Branches:
Dungeon (4/15)
 Temple: D:4-7

Altars:

Shops:
D:2 (


Innate Abilities, Weirdness & Mutations

You are partially covered in slimy green scales. (AC +2)
Your demonic aura sometimes causes spilled blood to erupt in flames.
Your touch may inflict minor irresistible damage on your foes.


Message History

Items here: (( ))))) [[[[ †.
The jelly quivers.
The ball python hisses angrily.
The jelly hits you but does no damage.
You puncture the jelly!
Your hands burn!
Your touch misses the jelly.
The jelly is moderately wounded.
The jelly hits you but does no damage.
You are too injured to fight recklessly!
You are too injured to fight recklessly!
You hit the jelly. The acid corrodes you!
Your hands burn!
The jelly is heavily wounded.
The jelly hits you. The acid corrodes you!
You are splashed with acid!
* * * LOW HITPOINT WARNING * * *
You feel much better. The ball python barely misses you.
The ball python grabs you. The ball python constricts you. The jelly hits you.
The acid corrodes you!
You are splashed with acid.
Throw: 5 darts (poison)
Press: ? - help, Shift-Dir - straight line, f - ball python
Aim: a ball python (constricting you, 53% to hit)
You throw a poisoned dart. The poisoned dart hits the ball python.
The ball python is poisoned.
The ball python closely misses you. The ball python constricts you.
The jelly hits you.
You are splashed with acid!
The ball python bites you.
* * * LOW HITPOINT WARNING * * *
The ball python constricts you.
* * * LOW HITPOINT WARNING * * *
You escape the ball python's grasp.
You kill the ball python!
The jelly attacks as it pursues you! The jelly misses you.
Items here: (( ))))) [[[[ †.
Throw: 2 boomerangs
Press: ? - help, Shift-Dir - straight line, f - jelly
Aim: a jelly (heavily wounded, 89% to hit)
You throw a boomerang.
The boomerang hits the jelly but does no damage.
The jelly is heavily wounded.
The jelly hits you.
* * * LOW HITPOINT WARNING * * *
You are splashed with acid!
You die...

####..#....##.#.#..#.####.##
...........##.#.#..#.# #
#.......##.#.......
##........#.#.#..#.#.
........................
.......####.#.#.#....#.
.##....# #.#.#.#....
.......# #.#.#.....
.........##@#.......
.......#..#J#...#...
............(......
.................
.......#.........
.......#(....#.#.
.................
......####...#... ##..##
...#...


You could see a jelly.

Vanquished Creatures
  4 wights (D:4)
  4 adders
  A worm (D:2)
  2 dart slugs
  5 orcs (D:3)
  6 ball pythons
  6 endoplasms
  4 giant cockroaches
  6 hobgoblins
  5 jackals
  5 quokkas
  8 bats
  2 frilled lizards
  5 goblins
  5 kobolds
  8 rats
76 creatures vanquished.

Notes
Turn   | Place    | Note
-------+----------+-------------------------------------------
     0 | D:1      | Newt the Demonspawn Gladiator began the quest for the Orb.
     0 | D:1      | Reached XP level 1. HP: 16/16 MP: 1/1
   477 | D:1      | Found a faded altar of an unknown god.
   738 | D:1      | Gained mutation: Your touch may inflict minor irresistible
                  | damage on your foes. [demonic ancestry]
   738 | D:1      | Reached XP level 2. HP: 21/23 MP: 2/2
  1282 | D:2      | Got Leipuf's Monograph on the Atmospheric Fjord
  1387 | D:2      | Gained mutation: Your demonic aura sometimes causes spilled
                  | blood to erupt in flames. [demonic ancestry]
  1387 | D:2      | Reached XP level 3. HP: 29/29 MP: 3/3
  1394 | D:2      | Found Iniujus's Antique Weapon Boutique.
  1671 | D:2      | Reached XP level 4. HP: 23/37 MP: 4/4
  2840 | D:4      | Reached skill level 1 in Armour
  2840 | D:4      | Reached XP level 5. HP: 42/42 MP: 5/5
  2855 | D:4      | Gained mutation: You are partially covered in slimy green
                  | scales. (AC +2) [demonic ancestry]
  2855 | D:4      | Reached XP level 6. HP: 13/48 MP: 6/6
  2905 | D:4      | Splashed by a jelly's acid

Illustrated notes

Levels and vault maps discovered:
D:1:      heliophobic_arrival_henge, layout_basic,
          chequers_ecumenical_altar_simple, chequers_jeans
D:2:      layout_basic, serial_shops, shop, minmay_pentomino_q4
D:3:      layout_loops_ring, kennysheep_doodads, st_stairs_6,
          hangedman_decor_lopped
D:4:      layout_basic

Skill      XL: |  1  2  3  4  5 |
---------------+----------------+-----
Fighting       | 3 4 |  4.0
Short Blades   | 3 4 |  4.0
Armour         | 1 3 |  3.0
Dodging        | 3 |  3.5
Throwing       | |  1.7

Action                     |  1- 3 |  4- 6 || total
---------------------------+-------+-------++-------
  Melee: Rapier            |   109 |    73 ||   182
         Touch             |    17 |    19 ||    36
         Punch             |     1 |     3 ||     4
  Throw: Throwing net      |     1 |     3 ||     4
         Javelin           |       |     1 ||     1
         Dart              |       |     1 ||     1
         Boomerang         |       |     1 ||     1
    Use: Scroll            |     3 |     4 ||     7
         Potion            |     1 |     2 ||     3
   Stab: Held in net/web   |       |     3 ||     3
         Sleeping          |       |     1 ||     1
 Armour: Leather armour    |    59 |    48 ||   107
  Dodge: Dodged            |    91 |    41 ||   132

Table legend: (Time is in decaauts)
 A = Elapsed time spent in this place.
 B = Non-inter-level travel time spent in this place.
 C = Inter-level travel time spent in this place.
 D = Time resting spent in this place.
 E = Time spent auto-exploring this place.
 F = Levels seen in this place.
 G = Mean time per level.
                   A        B        C        D        E       F      G
               +--------+--------+--------+--------+--------+-----+--------+
         Total |   2916 |   2778 |    138 |    364 |   1926 |   4 |  729.0 |
       Dungeon |   2916 |   2778 |    138 |    364 |   1926 |   4 |  729.0 |
               +--------+--------+--------+--------+--------+-----+--------+

Top non-repeatable levels by time:
     D:1: 1197 daAuts
     D:3: 890 daAuts
     D:2: 709 daAuts
     D:4: 119 daAuts
